Map: Hardwire LE

Players

DPGCure (Cure)

  • Race: Terran Terran

Maru - Winner!

  • Race: Terran Terran
  • League: Master

Event: TSL 8

VOD

Have the link to the VOD?

Description

Time

  • Played on: Dec. 4, 2021, 6:19 a.m.
  • Length: 13:10

All games in this series

Show
View Real Time Build Order
Export as new Build Order

DPGCure Terran 

Build Orders:  

Get SALT Encoding   

  12  0:00  SCV  
  13  0:12  SCV  
  14  0:17  Supply Depot  
  14  0:24  SCV  
  15  0:39  SCV, Barracks  
  15  0:42  Refinery  
  16  0:51  SCV  
  16  0:52  Refinery  
  17  1:03  SCV  
  18  1:15  SCV  
  19  1:26  Reaper  
  19  1:27  Orbital Command  
  19  1:31  Supply Depot  
  20  1:42  Factory  
  20  1:50  Bunker  
  20  1:54  SCV  
  20  1:58  Marine  
  22  2:06  SCV  
  22  2:16  Marine  
  22  2:18  SCV  
  24  2:26  Hellion  
  26  2:30  Supply Depot  
  26  2:32  SCV  
  26  2:34  Marine  
  28  2:47  Command Center  
  28  2:49  Factory Tech Lab  
  28  2:52  SCV, Marine  
  30  3:04  SCV  
  29  3:10  Marine  
  27  3:13  Cyclone  
  27  3:16  SCV  
  31  3:22  Starport  
  31  3:28  Marine  
  31  3:29  SCV  
  30  3:41  SCV  
  28  3:49  Barracks Reactor, Cyclone  
  28  3:53  SCV  
  32  4:00  Orbital Command  
  32  4:05  SCV  
  33  4:13  Starport Tech Lab  
  33  4:17  SCV  
  33  4:21  Siege Tank  
  37  4:27  SCV  
  37  4:29  SCV  
  37  4:30  Marine x2, Orbital Command  
  41  4:32  Raven  
  41  4:37  Supply Depot  
  43  4:41  SCV  
  44  4:48  Marine x2  
  44  4:51  Refinery  
  46  4:54  SCV  
  46  4:55  SCV  
  51  5:06  SCV  
  52  5:07  SCV  
  52  5:10  Supply Depot  
  53  5:15  Raven  
  52  5:22  SCV x2, Command Center  
  52  5:24  Marine x2  
  52  5:26  Siege Tank  
  59  5:34  SCV x2  
  55  5:39  Refinery  
  55  5:42  Marine x2  
  57  5:45  Supply Depot  
  57  5:46  SCV x2  
  56  5:58  SCV x2  
  56  6:00  Siege Tank, Marine x2  
  58  6:10  SCV, Raven  
  58  6:11  SCV  
  61  6:18  Marine x2  
  61  6:23  SCV x2  
  64  6:29  Barracks  
  64  6:30  Barracks  
  64  6:34  Siege Tank  
  64  6:39  SCV x2  
  69  6:40  Orbital Command  
  69  6:43  Marine x2  
  71  6:53  SCV x2  
  73  6:56  Engineering Bay  
  73  6:57  Engineering Bay  
  71  7:05  SCV x2  
  73  7:08  Siege Tank  
  73  7:11  Viking  
  73  7:12  Viking, Marine  
  73  7:13  Stimpack  
  81  7:23  SCV x2  
  81  7:24  Barracks Reactor x2  
  80  7:41  Siege Tank, Viking, Marine  
  80  7:42  SCV, Viking  
  80  7:43  SCV  
  80  7:44  Orbital Command  
  74  7:55  SCV x2  
  74  7:56  Terran Infantry Weapons Level 1, Terran Infantry Armor Level 1  
  74  8:05  Marine x3  
  75  8:06  Marine x2  
  75  8:09  SCV x2  
  75  8:10  SCV  
  76  8:23  Marine  
  76  8:24  Marine x4  
  76  8:25  Siege Tank, Viking x2  
  89  8:27  SCV x3  
  89  8:41  Marine  
  88  8:42  SCV x2  
  88  8:43  SCV, Barracks  
  88  8:45  Barracks  
  91  8:51  Refinery x2  
  91  8:52  Combat Shield  
  91  8:55  Sensor Tower  
  91  8:57  Marine x2  
  91  9:00  Supply Depot  
  93  9:03  Supply Depot  
  93  9:10  Armory  
  93  9:21  Marine x3  
  93  9:22  SCV x2, Siege Tank  
  101  9:24  Supply Depot, Marine x2  
  101  9:25  Medivac x2, SCV  
  101  9:26  Supply Depot  
  108  9:33  Barracks Reactor  
  108  9:34  Barracks Reactor, SCV  
  109  9:45  SCV x2, Marine x3  
  109  9:49  Supply Depot  
  110  9:52  Marine x2  
  110  9:55  Viking x2  
  110  9:56  Supply Depot  
  110  9:57  Supply Depot  
  116  10:03  Marine x3  
  116  10:08  Siege Tank  
  116  10:10  Marine x2  
  116  10:13  Marine x4  
  125  10:17  Terran Infantry Weapons Level 2  
  125  10:19  Supply Depot  
  125  10:20  Supply Depot  
  125  10:21  Marine x3  
  117  10:28  Marine x2  
  117  10:31  Marine x4  
  101  10:39  Medivac, Marine x3  
  101  10:40  Medivac, Siege Tank  
  110  10:44  Terran Infantry Armor Level 2  
  110  10:46  Marine x2  
  110  10:48  Marine x2  
  110  10:49  Marine  
  115  10:52  Marine  
  115  10:56  Marine x3  
  119  10:58  Sensor Tower  
  119  11:02  Terran Vehicle Weapons Level 1  
  119  11:04  Marine x2  
  119  11:06  Marine x3  
  119  11:09  Marine  
  125  11:17  Marine x2  
  128  11:19  Medivac x2, Siege Tank  
  128  11:22  Marine  
  135  11:27  Factory  
  135  11:28  Command Center  
  135  11:31  Barracks Reactor  
  135  11:34  Marine x5  
  135  11:35  Marine  
  135  11:39  Marine x2  
  141  11:45  Barracks x2  
  143  11:47  Barracks  
  143  11:52  Marine x2  
  142  11:58  Marine x2  
  142  11:59  Marine x4  
  117  12:02  Siege Tank  
  117  12:04  Medivac x2  
  124  12:11  Marine x4  
  128  12:19  Marine x6  
  103  12:29  Marine x2  
  98  12:30  Siege Tank  
  98  12:34  Medivac x2, Siege Tank, Marine x2  
  98  12:36  Marine x3  
  98  12:37  Marine x2  
  107  12:39  Marine  
  107  12:40  Marine  
  107  12:42  Marine  
  114  12:44  Marine  
Show
View Real Time Build Order
Export as new Build Order

Maru Terran - Winner!

Build Orders:  

Get SALT Encoding   

  12  0:00  SCV  
  13  0:15  Supply Depot  
  13  0:17  SCV  
  14  0:37  Barracks  
  14  0:42  Refinery  
  14  0:53  Barracks  
  14  0:57  SCV  
  15  1:09  SCV  
  16  1:24  Orbital Command  
  16  1:26  Reaper  
  17  1:35  Refinery  
  17  1:44  Reaper  
  18  1:49  SCV  
  19  1:57  Supply Depot  
  20  2:01  SCV, Reaper  
  21  2:13  SCV  
  22  2:16  Reaper  
  23  2:27  SCV  
  24  2:30  Factory  
  24  2:39  SCV  
  25  2:50  Reaper  
  25  2:51  SCV  
  25  3:07  SCV  
  25  3:12  Command Center  
  26  3:13  Factory Tech Lab  
  26  3:19  SCV  
  27  3:22  Starport  
  27  3:30  Supply Depot  
  27  3:32  SCV  
  28  3:40  Cyclone  
  31  3:45  SCV  
  31  3:47  Mag-Field Accelerator  
  31  3:57  SCV  
  31  3:58  Starport Tech Lab  
  32  4:05  Refinery  
  32  4:09  SCV  
  33  4:12  Cyclone  
  36  4:21  SCV  
  37  4:24  Orbital Command  
  37  4:33  SCV  
  37  4:34  Raven  
  40  4:44  Barracks Reactor  
  40  4:45  SCV  
  41  4:48  Command Center  
  41  4:54  Cyclone  
  41  4:55  SCV  
  41  4:57  SCV  
  46  5:02  Supply Depot  
  46  5:07  SCV  
  46  5:09  SCV  
  48  5:18  Raven  
  48  5:20  SCV  
  51  5:21  SCV  
  51  5:22  Marine x2  
  54  5:32  SCV  
  54  5:33  Siege Tank  
  54  5:34  SCV  
  58  5:37  Supply Depot, Refinery  
  58  5:40  Marine  
  58  5:41  Marine  
  60  5:44  SCV  
  60  5:46  SCV, Barracks  
  60  5:48  Barracks  
  62  5:59  SCV x2  
  62  6:02  Supply Depot  
  62  6:06  Orbital Command  
  62  6:09  Siege Tank  
  64  6:11  SCV  
  64  6:13  SCV  
  66  6:18  Viking x2, Marine  
  66  6:20  Stimpack  
  66  6:23  SCV  
  72  6:27  SCV  
  72  6:34  SCV  
  72  6:45  SCV  
  72  6:46  SCV  
  74  6:52  Viking x2  
  77  7:00  Siege Tank  
  77  7:01  SCV, Orbital Command  
  81  7:02  Barracks Reactor  
  81  7:05  Supply Depot, Barracks Reactor  
  81  7:09  SCV  
  81  7:13  Supply Depot, Engineering Bay  
  81  7:14  Engineering Bay  
  82  7:16  SCV  
  82  7:17  Marine  
  84  7:22  Viking  
  84  7:23  Viking  
  88  7:34  SCV  
  86  7:42  Siege Tank  
  84  7:46  SCV  
  84  7:50  SCV x2  
  78  7:51  Marine x3  
  78  7:52  Viking x2, Marine  
  78  7:58  Supply Depot, SCV  
  86  8:00  Marine  
  86  8:01  Combat Shield  
  86  8:02  SCV x2  
  90  8:07  Terran Infantry Weapons Level 1  
  90  8:09  Marine x4  
  90  8:10  SCV  
  90  8:12  Refinery  
  95  8:13  Refinery  
  95  8:14  SCV  
  95  8:15  SCV  
  95  8:18  Marine  
  93  8:22  SCV  
  93  8:24  Medivac x2  
  93  8:26  SCV  
  93  8:27  SCV, Marine x4  
  100  8:35  SCV  
  100  8:36  Marine  
  100  8:38  SCV  
  100  8:39  SCV  
  102  8:43  Siege Tank  
  102  8:44  Marine  
  102  8:47  SCV  
  102  8:48  Supply Depot, Barracks x2  
  107  8:51  SCV  
  107  8:52  SCV  
  109  8:56  Viking x2  
  109  8:58  Marine  
  109  9:02  Supply Depot  
  114  9:07  Terran Infantry Armor Level 1, Armory  
  114  9:09  Marine x2  
  115  9:10  Marine x2  
  118  9:19  Sensor Tower  
  118  9:22  Siege Tank  
  121  9:26  Supply Depot, Marine  
  121  9:27  Marine x2  
  124  9:37  Factory, Command Center  
  124  9:38  Barracks Reactor x2  
  124  9:39  Barracks Reactor  
  124  9:41  SCV x2  
  124  9:42  Viking  
  124  9:44  Marine  
  129  9:50  Marine x3  
  129  9:52  SCV  
  130  10:02  Marine  
  130  10:05  Siege Tank  
  134  10:07  Terran Infantry Weapons Level 2  
  134  10:08  Supply Depot, Marine x3  
  134  10:14  Supply Depot  
  137  10:20  Marine  
  138  10:24  Terran Vehicle Weapons Level 1  
  138  10:26  Liberator, Marine x3  
  138  10:27  Liberator  
  141  10:30  Marine x2  
  115  10:36  Marine x3  
  115  10:37  Marine  
  115  10:38  Siege Tank, Marine  
  115  10:42  Siege Tank  
  122  10:43  SCV x3  
  122  10:44  Marine x3  
  122  10:49  Marine x2  
  129  10:54  Marine x4  
  134  10:58  Planetary Fortress  
  134  11:02  Marine x2  
  134  11:03  Marine x2  
  138  11:07  Marine x2  
  138  11:10  Siege Tank  
  143  11:19  Siege Tank  
  143  11:20  Marine x2  
  143  11:22  Supply Depot, Refinery x2  
  148  11:32  Marine x2  
  148  11:33  Marine x6  
  148  11:35  Medivac x2  
  148  11:37  Supply Depot  
  148  11:39  Marine x2  
  162  11:42  Siege Tank  
  165  11:50  Marine x2  
  165  11:51  Siege Tank  
  159  11:55  Command Center  
  159  11:56  Marine x3  
  159  11:57  Marine x3  
  159  11:59  Marine x2  
  144  12:08  Marine x2  
  144  12:10  Liberator  
  144  12:12  Liberator  
  144  12:14  Siege Tank, Marine x2  
  156  12:21  Marine x4  
  142  12:23  Siege Tank, Marine x2  
  142  12:26  Marine x2  
  145  12:31  Marine  
  145  12:32  Marine  
  145  12:37  Starport x2  
  145  12:38  Marine  
  145  12:39  Marine x3  
  145  12:40  Marine x2  
  151  12:47  Marine x2  
  151  12:50  Marine  
  151  12:51  Marine  
Tags
 
Event
TSL 8
League
Master
Matchup
TvT
Player
CureMaru
Race
Terran
Add a new tag
Caveats
  • Supply blocks, unpowered buildings, or Contaminate may cause inaccurate times.
  • Supply counts are checked every 10 seconds.